 Dungeon Crawl Stone Soup version 0.17-a0-1069-g92ad481 (webtiles) character file.

205 HEYYEYAAE the Skirmisher (level 5, -5/38 HPs)
             Began as an Octopode Fighter on May 17, 2015.
             Slain by a wyvern skeleton (15 damage)
             ... on level 4 of the Dungeon.
             The game lasted 00:02:34 (1416 turns).

HEYYEYAAE the Skirmisher (Octopode Fighter)         Turns: 1416, Time: 00:02:34

Health: -5/38      AC:  1    Str: 16    XL:     5   Next: 83%
Magic:  5/5        EV: 11    Int: 10    God:
Gold:   125        SH:  9    Dex: 12    Spells: 0 memorised, 4 levels left

rFire  . . .     SeeInvis .     a - +0 war axe
rCold  . . .     Clarity  .     b - +0 shield
rNeg   . . .     SustAb   .     (helmet restricted)
rPois  .         Gourm    .     (no amulet)
rElec  .         Spirit   .     (no ring)
rCorr  .         Warding  .     (no ring)
rMut   .         Stasis   .     (no ring)
MR     .....                    (no ring)
Stlth  ++........               (no ring)
                                (no ring)
                                (no ring)
                                (no ring)

@: not resistant to hostile enchantments, unstealthy
A: almost no armour, amphibious, 8 rings, constrict 8, camouflage 1, gelatinous
body 1
a: no special abilities


You were on level 4 of the Dungeon.
You were hungry.

You visited 1 branch of the dungeon, and saw 4 of its levels.

You collected 125 gold pieces.

Inventory:

Hand weapons
 a - a +0 war axe (weapon)
 r - a +2 hand axe of venom
Armour
 b - a +0 shield (worn)
Magical devices
 s - a wand of random effects (30)
Scrolls
 c - a scroll of noise {unknown}
 g - a scroll of amnesia
 h - 2 scrolls of enchant weapon
 i - a scroll of fog {unknown}
 j - 2 scrolls of magic mapping
 k - a scroll of fear {unknown}
 o - a scroll of random uselessness {unknown}
 t - a scroll of enchant armour {unknown}
Potions
 l - a potion of flight
Comestibles
 d - 3 bread rations
 m - a slice of pizza
 p - 3 meat rations
 q - 3 fruits


   Skills:
 * Level 4.4 Fighting
 + Level 2.8 Axes
 * Level 4.0 Dodging
 * Level 4.1 Shields


You had 4 spell levels left.
You didn't know any spells.

Dungeon Overview and Level Annotations

Branches:
Dungeon (4/15)
 Temple: D:4-7

Altars:
Cheibriados
Qazlal
Zin


Innate Abilities, Weirdness & Mutations

You cannot wear most types of armour.
You are amphibious.
You can wear up to eight rings at the same time.
You can use your tentacles to constrict eight enemies at once.
Your skin changes colour to match your surroundings (Stealth).
Your rubbery body absorbs attacks (AC +1).


Message History

Found 11 gold pieces.
A goblin comes into view.
The goblin moves out of view.
Found a scroll labeled YGOCALUPNEHIO.
Found a stone staircase leading down.
You see here 11 gold pieces.
You now have 125 gold pieces (gained 11).
The goblin hits you.
You miss the goblin. Your grab misses the goblin. You squeeze the goblin.
You kill the goblin!
No target in view!
No target in view!
c - a scroll labeled YGOCALUPNEHIO A wyvern skeleton comes into view.
The wyvern skeleton bites you. You block the wyvern skeleton's attack.
You hit the wyvern skeleton. The wyvern skeleton bites you.
* * * LOW HITPOINT WARNING * * *
You are too injured to fight recklessly!
You hit the wyvern skeleton. You squeeze the wyvern skeleton.
You block the wyvern skeleton's attack. The wyvern skeleton bites you!
You die...

#.# ... #.# #.# #.# #.#
######.#
#.##.#............
#.##.............. #.#
#.....######.#
#.####.###.....# #.#
+.....@Z...>...# #.#
#.####.#####...######.#
.####.................
#......................
#..#####...............
# #..##...#.#####.
#..##.....#####.
#...............
#...#..########.


You could see a wyvern skeleton.

Vanquished Creatures
  A crimson imp (D:4)
  An orc wizard (D:4)
  4 gnolls (D:3)
  5 adders
  An ooze (D:1)
  3 giant geckos
  5 orcs
  7 hobgoblins
  3 jackals (D:3)
  A ball python (D:2)
  2 bats (D:1)
  2 giant cockroaches
  3 giant newts
  6 goblins
  A kobold (D:1)
  4 rats
49 creatures vanquished.

Notes
Turn   | Place    | Note
--------------------------------------------------------------
     0 | D:1      | HEYYEYAAE the Octopode Fighter began the quest for the Orb.
     0 | D:1      | Reached XP level 1. HP: 16/16 MP: 1/1
    81 | D:1      | Reached XP level 2. HP: 18/21 MP: 2/2
   230 | D:1      | Found a snail-covered altar of Cheibriados.
   307 | D:1      | You fall through a shaft!
   318 | D:2      | Reached XP level 3. HP: 26/26 MP: 3/3
   442 | D:2      | Reached XP level 4. HP: 32/32 MP: 4/4
   651 | D:3      | Found a glowing silver altar of Zin.
   983 | D:3      | Reached skill level 4 in Fighting
   987 | D:3      | Reached XP level 5. HP: 37/37 MP: 5/5
  1047 | D:4      | Found a stormy altar of Qazlal.
  1316 | D:4      | Noticed a phantom
  1329 | D:4      | HP: 1/38 [phantom (10)]
  1416 | D:4      | Slain by a wyvern skeleton

Vault maps used:
D:1:      lemuel_arrival_lava_pool, hangedman_decor_diamond_cutter,
          cheibriados_altar_1
D:2:      first_bread
D:3:      zin_academy, kennysheep_generic_room_6
D:4:      overflow_temple_1_default

Action                   |  1- 3 |  4- 6 || total
-------------------------+-------+-------++-------
Melee: War axe           |    39 |    35 ||    74
       Hand axe          |       |    43 ||    43
  Use: Potion            |       |     5 ||     5
       Scroll            |       |     3 ||     3
 Stab: Sleeping          |     6 |     1 ||     7
  Eat: Chunk             |       |     1 ||     1
